 Dungeon Crawl Stone Soup version 0.26-a0-712-ga5a9c9c9d0 (webtiles) character file.

Game seed: 14619767450440714036

320 boltboy the Bolt Thrower (level 6, -3/52 HPs)
             Began as a Minotaur Hunter on Oct 18, 2020.
             Slain by a gnoll
             ... wielding a +0 halberd
              (10 damage)
             ... on level 3 of the Dungeon on Nov 1, 2020.
             The game lasted 00:04:49 (1886 turns).

boltboy the Bolt Thrower (Minotaur Hunter)          Turns: 1886, Time: 00:04:50

Health: -3/52      AC:  3    Str: 17    XL:     6   Next: 22%
Magic:  5/5        EV: 12    Int:  8    God:
Gold:   108        SH:  0    Dex: 12    Spells: 5/5 levels left

rFire    . . .     SeeInvis .   a - +1 hand crossbow
rCold    . . .     Faith    .   (no shield)
rNeg     . . .     Spirit   .   c - +0 leather armour
rPois    .         Reflect  .   (helmet restricted)
rElec    .         Harm     .   (no cloak)
rCorr    .         Rampage  .   (no gloves)
MR       .....                  (no boots)
Stlth    +.........             (no amulet)
HPRegen  0.17/turn              (no ring)
MPRegen  0.09/turn              (no ring)

@: no status effects
A: retaliatory headbutt, horns 2
a: no special abilities


You were on level 3 of the Dungeon.
You visited 1 branch of the dungeon, and saw 3 of its levels.

You collected 108 gold pieces.

Inventory:

Hand Weapons
 a - a +1 hand crossbow (weapon)
 b - a +0 short sword
Missiles
 d - 20 bolts (quivered)
Armour
 c - a +0 leather armour (worn)
Jewellery
 h - an uncursed amulet of the acrobat {unknown}
 m - an uncursed amulet of guardian spirit {unknown}
Wands
 p - a wand of flame (21)
Scrolls
 e - 6 scrolls of identify {unknown}
 f - 5 scrolls of remove curse {unknown}
 g - a scroll of noise {unknown}
 i - a scroll of random uselessness {unknown}
 k - a scroll of blinking {unknown}
 l - 2 scrolls of teleportation {unknown}
 o - a scroll of immolation {unknown}
 q - a scroll of enchant armour {unknown}
Potions
 j - a potion of cancellation {unknown}
 n - 2 potions of heal wounds {unknown}


   Skills:
 + Level 3.9 Fighting
 + Level 7.3 Crossbows
 - Level 1.1 Armour
 + Level 2.8 Dodging
 + Level 1.1 Stealth


You had 5 spell levels left.
You didn't know any spells.
Your spell library was empty.

Dungeon Overview and Level Annotations

Branches:
Dungeon (3/15)

Altars:
The Shining One


Innate Abilities, Weirdness & Mutations

You reflexively headbutt those who attack you in melee.
You have a pair of horns on your head.


Message History

Really attack while wielding your +1 hand crossbow?
Okay, then.
Really attack while wielding your +1 hand crossbow?
Okay, then.
Really attack while wielding your +1 hand crossbow?
You closely miss the kobold. The goblin barely misses you.
The kobold hits you but does no damage.
The gnoll hits you from afar with a +0 halberd.
The goblin barely misses you. You furiously retaliate!
You headbutt the goblin.
You kill the goblin!
You clumsily bash the kobold but do no damage.
The kobold hits you but does no damage.
The gnoll hits you from afar with a +0 halberd!
* * * LOW HITPOINT WARNING * * *
The gnoll hits you.
* * * LOW HITPOINT WARNING * * *
The kobold barely misses you. You furiously retaliate!
You headbutt the kobold!
You kill the kobold!
The gnoll hits you with a +0 halberd!
You die...

..######### ...#......#
#..#.####.# +..#.#....##
#(.#.#.....# #
#.(#.#####.# #..
#.)#....##.########
#....#(g.###.#..........
#......@)..#.###########
.......gg#.#.......#
.........g.#######.#
........#.## ........#>.
#...........
######.....#. #... .#.#


You could see 4 gnolls.

Vanquished Creatures
  An ice beast (D:2)
  Jessica (D:3)
  Terence (D:3)
  Natasha (thrice) (D:2)
  A hound skeleton (D:2)
  3 adders (D:2)
  6 dart slugs
  4 leopard geckos
  8 bats
  2 giant cockroaches
  7 goblins
  3 hobgoblins
  6 kobolds
  A ball python (D:1)
  3 frilled lizards
  11 rats
61 creatures vanquished.

Notes
Turn   | Place    | Note
-------+----------+-------------------------------------------
     0 | D:1      | boltboy the Minotaur Hunter began the quest for the Orb.
     0 | D:1      | Reached XP level 1. HP: 18/18 MP: 0/0
   121 | D:1      | Reached XP level 2. HP: 25/25 MP: 1/1
   125 | D:1      | Reached skill level 5 in Crossbows
   339 | D:1      | Reached XP level 3. HP: 26/30 MP: 2/2
   851 | D:2      | Noticed Natasha
   853 | D:2      | Killed Natasha
   853 | D:2      | Reached XP level 4. HP: 37/37 MP: 3/3
   891 | D:2      | Reached skill level 6 in Crossbows
   958 | D:2      | Noticed an ice beast
  1003 | D:2      | Killed an ice beast
  1003 | D:2      | Reached XP level 5. HP: 7/45 MP: 4/4
  1266 | D:2      | Noticed Natasha
  1270 | D:2      | Killed Natasha
  1270 | D:2      | Reached skill level 1 in Armour
  1290 | D:2      | Noticed Natasha
  1297 | D:2      | Killed Natasha
  1297 | D:2      | Reached skill level 7 in Crossbows
  1580 | D:2      | Found a glowing golden altar of the Shining One.
  1584 | D:2      | Upgraded the game from 0.26-a0-668-gd58323b419 to
                  | 0.26-a0-712-ga5a9c9c9d0
  1640 | D:2      | Reached XP level 6. HP: 52/52 MP: 5/5
  1875 | D:3      | Noticed Jessica
  1875 | D:3      | Noticed Terence
  1879 | D:3      | Killed Jessica
  1879 | D:3      | Reached skill level 1 in Stealth
  1883 | D:3      | Killed Terence
  1886 | D:3      | Slain by a gnoll

Illustrated notes

Levels and vault maps discovered:
D:1:      nzn_arrival_water_spiral, layout_basic
D:2:      minmay_diamond_boxcup, layout_basic, tso_metal_star, uniq_natasha
D:3:      layout_basic, uniq_jessica, uniq_terence

Skill      XL: |  1  2  3  4  5  6 |
---------------+-------------------+-----
Crossbows      | 5 6 7 |  7.3
Fighting       | 3 |  3.9
Armour         | 1 |  1.1
Stealth        | 1 |  1.1
Dodging        | |  2.8

Action                   |  1- 3 |  4- 6 || total
-------------------------+-------+-------++-------
Melee: Hand crossbow     |       |     3 ||     3
       Headbutt          |       |     1 ||     1
 Fire: Hand crossbow     |    65 |    58 ||   123
Armor: Leather armour    |     7 |     2 ||     9
Dodge: Dodged            |     6 |    28 ||    34

Table legend: (Time is in decaauts)
 A = Elapsed time spent in this place.
 B = Non-inter-level travel time spent in this place.
 C = Inter-level travel time spent in this place.
 D = Time resting spent in this place.
 E = Time spent auto-exploring this place.
 F = Levels seen in this place.
 G = Mean time per level.
                   A        B        C        D        E       F      G
               +--------+--------+--------+--------+--------+-----+--------+
         Total |   1922 |   1872 |     50 |    246 |   1313 |   3 |  640.7 |
       Dungeon |   1922 |   1872 |     50 |    246 |   1313 |   3 |  640.7 |
               +--------+--------+--------+--------+--------+-----+--------+

Top non-repeatable levels by time:
     D:2: 1108 daAuts
     D:1: 770 daAuts
     D:3: 43 daAuts
